 Dungeon Crawl Stone Soup version 0.31.0-11-ge490571c62 (webtiles) character file.

Game seed: 9480837697622136517

9 browni3141 the Conjurer (level 2, 19/19 HPs)
             Began as a Demonspawn Conjurer on Jan 30, 2024.
             Got out of the dungeon alive.
             The game lasted 00:00:32 (490 turns).

browni3141 the Conjurer (Demonspawn Conjurer)        Turns: 490, Time: 00:00:33

Health: 19/19      AC:  2    Str:  7    XL:     2   Next: 6%
Magic:  5/5        EV: 12    Int: 18    God:
Gold:   20         SH:  0    Dex: 11    Spells: 4/5 levels left

rFire   . . .        g - +1 dagger (venom)
rCold   . . .        (no shield)
rNeg    . . .        a - +0 robe
rPois   .            (helmet restricted)
rElec   .            (no cloak)
rCorr   .            (no gloves)
SInv    .            (no boots)
Will    .....        (no amulet)
Stlth   ++           (no ring)
HPRegen 0.23/turn    (no ring)
MPRegen 0.09/turn

%: no passive effects
@: no status effects
A: horns 1
a: no special abilities


You escaped.
You visited 1 branch of the dungeon, and saw 1 of its levels.

You collected 20 gold pieces.

Inventory:

Hand Weapons
 g - a +1 dagger of venom (weapon)
Armour
 a - a +0 robe (worn)
Scrolls
 c - a scroll of poison {unknown}
 d - a scroll of brand weapon {unknown}
 e - a scroll of identify {unknown}
Potions
 b - a potion of magic
 f - a potion of resistance {unknown}


   Skills:
 + Level 2.0 Dodging
 + Level 2.0 Stealth
 + Level 2.1 Spellcasting
 + Level 4.1 Conjurations


You had 4 spell levels left.
You knew the following spells:

 Your Spells              Type           Power      Damage    Failure   Level
a - Magic Dart            Conj           64%        1d6       3%          1

Your spell library contained the following spells:

 Spells                   Type           Power      Damage    Failure   Level
 Searing Ray              Conj           32%        2d5       4%          2
 Slow                     Hex            4%         N/A       19%         1
 Confusing Touch          Hex            1%         N/A       47%         3
 Sigil of Binding         Hex            1%         N/A       47%         3
 Vampiric Draining        Necr           1%         2d6       47%         3
 Fulminant Prism          Conj/Alch      4%         3d5       58%         4
 Iskenderun's Mystic Bla  Conj/Tloc      9%         2d4       58%         4


Dungeon Overview and Level Annotations

Branches:
Dungeon (1/15)

Altars:

Shops:
D:1 !


Innate Abilities, Weirdness & Mutations

You have a pair of small horns on your head.


Message History

The magic dart hits the spectral kobold.
The spectral kobold is lightly damaged.
The spectral kobold barely misses you.
The magic dart hits the spectral kobold but does no damage.
The spectral kobold is lightly damaged.
The spectral kobold hits you.
You feel drained.
You are out of magic!
The spectral kobold attacks as it pursues you!
The spectral kobold closely misses you.
The spectral kobold attacks as it pursues you!
The spectral kobold hits you but does no damage.
The spectral kobold attacks as it pursues you!
The spectral kobold hits you but does no damage.
The spectral kobold attacks as it pursues you!
The spectral kobold barely misses you.
The spectral kobold attacks as it pursues you!
The spectral kobold barely misses you.
The spectral kobold attacks as it pursues you!
The spectral kobold closely misses you.
The spectral kobold attacks as it pursues you!
The spectral kobold hits you.
You feel drained.
The spectral kobold attacks as it pursues you!
The spectral kobold completely misses you.
The spectral kobold attacks as it pursues you!
The spectral kobold misses you.
The magic dart hits the spectral kobold but does no damage.
The magic dart hits the spectral kobold.
The spectral kobold is severely damaged.
The spectral kobold barely misses you.
The magic dart hits the spectral kobold.
You destroy the spectral kobold!
You are out of magic!
You now have 9 gold pieces.
Found Wugitool's Distillery.
A ball python and a jackal come into view.
There are monsters nearby!
There are monsters nearby!
The magic dart hits the jackal.
You kill the jackal!
The magic dart hits the ball python.
You kill the ball python!
Your life force feels restored.
You can't see any susceptible monsters within range! (Use Z to cast anyway.) HP restored.
There is an entrance to Wugitool's Distillery here.
d - a scroll labelled DYPIWU SYLONA
Found a stone staircase leading down.
You now have 20 gold pieces (gained 11).
A bat comes into view.
The magic dart hits the bat.
You kill the bat!
You can't see any susceptible monsters within range! (Use Z to cast anyway.)
You can't see any susceptible monsters within range! (Use Z to cast anyway.)
e - a scroll labelled ACVEAT ECKORIUQ
f - a smoky orange potion
Found a stone staircase leading down.
You can't see any susceptible monsters within range! (Use Z to cast anyway.)
You can't see any susceptible monsters within range! (Use Z to cast anyway.)
A kobold comes into view. It is wielding a +1 dagger of venom.
A kobold is nearby!
A kobold is nearby!
The magic dart hits the kobold.
The kobold is severely wounded.
The kobold shouts!
You hear a shout!
The kobold throws a stone.
The stone hits you.
The magic dart hits the kobold.
You kill the kobold!
Your Dodging skill increases to level 2!
Your Stealth skill increases to level 2!
You can't see any susceptible monsters within range! (Use Z to cast anyway.)
A hobgoblin comes into view.
A rat comes into view.
The magic dart hits the hobgoblin.
The hobgoblin is severely wounded.
You are out of magic!
You are out of magic!
Things that are here:
a +1 dagger of venom; 4 stones Your +1 dagger of venom begins to drip with poison!
g - a +1 dagger of venom (weapon)
You hit the hobgoblin but do no damage.
The hobgoblin is severely wounded.
The hobgoblin barely misses you.
You hit the hobgoblin.
You kill the hobgoblin!
You have reached level 2!
Your demonic ancestry asserts itself...
A pair of horns grows on your head!
Found an escape hatch in the floor.
You can't go up here!
A rat is nearby!
The magic dart hits the rat.
You kill the rat!
You are out of magic!
You are out of magic!
There is an escape hatch in the floor here.
You open the door.
There is an open door here.
There is a staircase leading out of the dungeon here.
You have escaped!

#.#########[#########.#
#...................#.#
###########.##.####.#.# #
#...........##......#.# #
#.#..##########.....#.# #
#......# ####...#.#.# #
#.##.###.###......#.#.# #
#........#...#....#.#.######
#...........#.@.#....#.#......#
#.#####.#...#...#.♣♣.#.##...#.#
#+###.#####.♣♣.#......#.# #.#
#......#......#.# #.#
####.....##...#.#
#.######.....##...#.#
#.........##.##...#.#
########~~~...#####.#
#~#~##.### #.#


There were no monsters in sight!

Vanquished Creatures
  A ball python (D:1)
  A bat (D:1)
  2 hobgoblins (D:1)
  A jackal (D:1)
  A kobold (D:1)
  A rat (D:1)
  A spectral kobold (D:1)
8 creatures vanquished.

Notes
Turn   | Place    | Note
-------+----------+-------------------------------------------
     0 | D:1      | browni3141 the Demonspawn Conjurer began the quest for the
                  | Orb.
     0 | D:1      | Reached XP level 1. HP: 13/13 MP: 3/3
    99 | D:1      | Found a faded altar of an unknown god.
   212 | D:1      | Found Wugitool's Distillery.
   407 | D:1      | Gained mutation: You have a pair of small horns on your
                  | head. [demonic ancestry]
   407 | D:1      | Reached XP level 2. HP: 19/19 MP: 1/5
   490 | D:$      | Got out of the dungeon alive.

Illustrated notes

Levels and vault maps discovered:
D:1:      amcnicky_arrival_single_pillar, layout_basic, serial_shops,
          nicolae_shop_tiny_statue_garden,
          dreamdust_ecumenical_altar_drowned_temple, minmay_misc_feat_encased,
          minivault_26

Skill      XL: |  1 |
---------------+----+-----
Dodging        | 2 |  2.0
Stealth        | 2 |  2.0
Spellcasting   | |  2.1
Conjurations   | |  4.1

Action                     || total
---------------------------++-------
  Melee: Dagger            ||     2
   Cast: Magic Dart        ||    15
 Armour: Robe              ||     5
  Dodge: Dodged            ||     9
